 Dungeon Crawl Stone Soup version 0.29.1-1-gd02db6906a (webtiles) character file.

Game seed: 16531007869125491205

5075 masschaos23 the Cleaver (level 10, -1/88 HPs)
             Began as a Hill Orc Fighter on Sept 16, 2022.
             Was a Priest of Beogh.
             Slain by a gnoll sergeant
             ... wielding a +0 halberd
              (12 damage)
             ... in a bailey.
             The game lasted 00:30:46 (10198 turns).

masschaos23 the Cleaver (Hill Orc Fighter)         Turns: 10198, Time: 00:30:47

Health: -1/88      AC:  9    Str: 22 (23) XL:     10   Next: 56%
Magic:  9/10       EV: 16    Int: 10 (11) God:    Beogh [***...]
Gold:   398        SH:  5    Dex: 14      Spells: 9/9 levels left

rFire   . . .      SeeInvis .   B - +2 war axe (venom)
rCold   . . .      Faith    .   c - +0 buckler
rNeg    . . .      Spirit   .   a - +0 steam dragon scales
rPois   +          Reflect  .   (no helmet)
rElec   .          Harm     .   k - +0 cloak
rCorr   .          Rampage  .   (no gloves)
Will    .....                   Q - +0 pair of boots of the Serpent {+Blink Int+4}
Stlth   ++........              (no amulet)
HPRegen 0.24/turn               w - ring of poison resistance
MPRegen 0.12/turn               I - +4 ring of evasion

@: no status effects
A: hooves 1, agile 1, MP-powered wands
a: Renounce Religion, Evoke Blink, Smiting


You were in a bailey.
You worshipped Beogh.
Beogh was most pleased with you.
You visited 1 branch of the dungeon, and saw 9 of its levels.
You also visited: Bailey.

You collected 472 gold pieces.
You spent 74 gold pieces at shops.

Inventory:

Hand Weapons
 y - the +3 dagger of Withan {speed, *Rage rC+ Str+4}
   (You found it on level 5 of the Dungeon)

   Attacks with this weapon are significantly faster.
   Str:       It affects your strength (+4).
   rC:        It protects you from cold.
   *Rage:     It berserks you when you make melee attacks (+20% chance).
 B - a +2 war axe of venom (weapon)
Missiles
 r - 32 poisoned darts
 A - 3 throwing nets
 M - 6 boomerangs
Armour
 a - +0 steam dragon scales (worn)
 c - a +0 buckler (worn)
 k - a +0 cloak (worn)
 p - a scarf of shadows
 E - a +3 leather armour of cold resistance
 G - +0 acid dragon scales
 Q - the +0 pair of boots of the Serpent (worn) {+Blink Int+4}
   (You found it on level 8 of the Dungeon)

   Int:       It affects your intelligence (+4).
   +Blink:    It lets you blink.
Magical Staves
 L - a staff of conjuration
Jewellery
 w - a ring of poison resistance (left hand)
 I - a +4 ring of evasion (right hand)
 N - a +6 ring of dexterity
 O - a +6 ring of intelligence
Wands
 b - a wand of light (2)
 J - a wand of roots (6) (quivered)
 P - a wand of paralysis (9)
Scrolls
 f - 5 scrolls of teleportation
 h - 5 scrolls of identify
 i - a scroll of vulnerability
 m - a scroll of fog
 o - a scroll of silence
 s - a scroll of amnesia
 t - a scroll of noise
Potions
 d - 2 potions of might
 C - a potion of mutation


   Skills:
 + Level 8.2 Fighting
 + Level 14.1 Axes
 + Level 2.0 Throwing
 + Level 7.5 Armour
 - Level 2.8 Dodging
 - Level 1.0 Stealth
 + Level 5.8 Shields
 + Level 0.1 Evocations


You had 9 spell levels left.
You didn't know any spells.
Your spell library contained the following spells:

 Spells                   Type           Power      Damage    Failure   Level
 Magic Dart               Conj           0%         1d3       43%         1
 Sandblast                Erth           0%         2d4       43%         1
 Passwall                 Tmut/Erth      0%         N/A       58%         2
 Searing Ray              Conj           0%         2d4       58%         2
 Conjure Flame            Conj/Fire      0%         6-21      82%         3
 Ignite Poison            Fire/Tmut/Pois 0%         N/A       82%         3
 Stone Arrow              Conj/Erth      0%         3d7       82%         3
 Animate Dead             Necr           0%         N/A       99%         4
 Fulminant Prism          Conj/Hex       0%         3d6       99%         4
 Sticky Flame             Conj/Fire      0%         2d3       99%         4
 Haunt                    Necr/Summ      0%         N/A       100%        7
 Malign Gateway           Summ/Tloc      0%         N/A       100%        7
 Infestation              Necr           0%         N/A       100%        8
 Summon Horrible Things   Summ           0%         N/A       100%        8


Dungeon Overview and Level Annotations

Branches:
Dungeon (9/15)             Temple (0/1) D:5          Bailey (1/1)
   Lair: D:8-11         Orc: D:9-12

Altars:
Gozag
Xom
Beogh

Shops:
D:5 (


Innate Abilities, Weirdness & Mutations

You have large cloven feet.
You are agile. (Dex +4, Str/Int -1)
You expend magic power (3 MP) to strengthen your wands.


Message History

The gnoll sergeant closely misses you.
You hit the gnoll sergeant but do no damage.
The gnoll sergeant is poisoned.
The gnoll sergeant closely misses you.
You slash the gnoll sergeant!
The gnoll sergeant is severely wounded.
You hear a shout!
The gnoll sergeant barely misses you.
You hit the gnoll sergeant.
The gnoll sergeant is almost dead.
A gnoll bouda comes into view. It is wielding a +0 trident.
The gnoll sergeant closely misses you. x2
You barely miss the gnoll sergeant.
The gnoll sergeant is almost dead.
The gnoll bouda barks out a call to the hunt!
The gnoll sergeant picks up the pace!
The gnoll sergeant completely misses you.
The gnoll sergeant barely misses you.
You hit the gnoll sergeant.
You kill the gnoll sergeant!
Beogh accepts your kill.
The gnoll sergeant hits you from afar with a +0 halberd.
* * * LOW HITPOINT WARNING * * *
You feel better. The gnoll sergeant closely misses you.
The gnoll bouda misses you.
The gnoll sergeant hits you with a +0 halberd!
* * * LOW HITPOINT WARNING * * *
There is an open door, spattered with blood here.
Things that are here:
a +0 glaive; a +0 plate armour; a gnoll corpse You barely miss the gnoll sergeant.
The gnoll bouda hits you from afar with a +0 trident!
* * * LOW HITPOINT WARNING * * *
The gnoll sergeant closely misses you.
You slash the gnoll sergeant!
The gnoll sergeant is poisoned.
The gnoll sergeant is heavily wounded.
You hit the gnoll sergeant but do no damage.
The gnoll sergeant is heavily wounded.
The gnoll bouda closely misses you.
The gnoll sergeant hits you with a +0 halberd!
You die...

..# #..≈♣ ..# #..≈♣ ..#
##### #..≈♣ ..# ##...##
#..≈♣
..######.....###+##..≈♣
..'...#)).....#).....≈♣
..'.).')).8...'))....≈♣
..'...#)).....#......≈♣
..######.....###@##..≈♣
..# ##...##gg))#..≈♣
..# #####..)..#..≈♣ ..#
.......#..≈♣ ..#
........##..≈♣ ..#
.....8.##...≈♣ ≈..
####### ..≈≈♣


You could see a gnoll sergeant (swift, very poisoned) and a gnoll bouda.

Vanquished Creatures
  Erica (D:9)
  A hornet (D:8)
  2 wraiths
  A wyvern (D:7)
  3 steam dragons
  Menkaure (D:7)
  Edmund (D:6)
  An acid dragon (D:6)
  An ice beast (D:5)
  5 orc warriors
  2 black bears
  A sky beast (D:8)
  2 ogres
  A centaur (D:7)
  A phantom (D:6)
  2 kobold brigands
  3 bullfrogs
  4 gnoll sergeants (Bailey)
  A jelly (D:5)
  5 orc priests
  6 gnoll boudas
  6 hounds
  8 iguanas
  5 orc wizards
  27 gnolls
  8 adders
  A shadow imp (D:5)
  5 white imps (D:7)
  An ufetubus (D:2)
  A worm (D:2)
  7 dart slugs
  49 orcs
  4 endoplasms
  3 giant cockroaches
  7 hobgoblins
  5 jackals
  10 kobolds
  6 quokkas
  4 ball pythons
  6 bats
  3 frilled lizards
  6 goblins
  4 rats
221 creatures vanquished.

Vanquished Creatures (collateral kills)
  An orc priest (D:9)
  A goblin (D:9)
2 creatures vanquished.

Vanquished Creatures (others)
  An ufetubus (D:5)
1 creature vanquished.

Grand Total: 224 creatures vanquished

Notes
Turn   | Place    | Note
-------+----------+-------------------------------------------
     0 | D:1      | masschaos23 the Hill Orc Fighter began the quest for the
                  | Orb.
     0 | D:1      | Reached XP level 1. HP: 19/19 MP: 1/1
   152 | D:1      | Found a faded altar of an unknown god.
   276 | D:1      | Reached XP level 2. HP: 27/27 MP: 2/2
   401 | D:1      | Reached skill level 3 in Axes
   668 | D:1      | Reached XP level 3. HP: 21/33 MP: 3/3
  1104 | D:2      | Reached skill level 4 in Axes
  1715 | D:2      | Reached XP level 4. HP: 40/40 MP: 4/4
  1730 | D:2      | Reached skill level 5 in Axes
  2124 | D:3      | Reached XP level 5. HP: 27/46 MP: 5/5
  2690 | D:3      | Noticed an ogre
  2699 | D:3      | Killed an ogre
  2700 | D:3      | Reached skill level 6 in Axes
  2957 | D:4      | Reached XP level 6. HP: 53/53 MP: 6/6
  4022 | D:5      | Entered Level 5 of the Dungeon
  4029 | D:5      | Identified the +3 dagger of Withan {speed, *Rage rC+ Str+4}
  4039 | D:5      | Became a worshipper of Beogh the Brigand
  4055 | D:5      | Reached skill level 5 in Fighting
  4078 | D:5      | Noticed an ice beast
  4092 | D:5      | Killed an ice beast
  4093 | D:5      | Reached skill level 7 in Axes
  4093 | D:5      | Reached XP level 7. HP: 38/61 MP: 7/7
  4137 | D:5      | Reached skill level 8 in Axes
  4401 | D:5      | Reached * piety under Beogh
  4427 | D:5      | Found Xohadous's Weapon Shop.
  4442 | D:5      | Bought a +0 war axe of venom for 74 gold pieces
  4552 | D:5      | Reached skill level 5 in Armour
  4588 | D:5      | Found a staircase to the Ecumenical Temple.
  4687 | D:5      | Found a shimmering altar of Xom.
  4689 | D:5      | Found an opulent altar of Gozag.
  4922 | D:6      | Reached XP level 8. HP: 64/69 MP: 8/8
  4944 | D:6      | Reached skill level 9 in Axes
  4996 | D:6      | Noticed Edmund
  5010 | D:6      | Killed Edmund
  5011 | D:6      | Reached skill level 1 in Dodging
  5693 | D:6      | Reached skill level 10 in Axes
  6112 | D:6      | Reached skill level 1 in Throwing
  6112 | D:6      | Reached skill level 5 in Shields
  6112 | D:6      | Reached XP level 9. HP: 15/75 MP: 9/9
  6776 | D:7      | Reached skill level 11 in Axes
  6856 | D:7      | Reached ** piety under Beogh
  7063 | D:7      | Noticed Menkaure
  7073 | D:7      | Killed Menkaure
  7074 | D:7      | Reached skill level 1 in Stealth
  8215 | D:8      | Noticed a hornet
  8224 | D:8      | Killed a hornet
  8225 | D:8      | Reached skill level 12 in Axes
  8489 | D:8      | Found a roughly hewn altar of Beogh.
  8521 | D:8      | Reached XP level 10. HP: 49/86 MP: 10/10
  8796 | D:8      | Identified the +0 pair of boots of the Serpent {+Blink
                  | Int+4}
  9138 | D:8      | Gained mutation: You have large cloven feet. [potion of
                  | mutation]
  9138 | D:8      | Gained mutation: You expend magic power (3 MP) to
                  | strengthen your wands. [potion of mutation]
  9138 | D:8      | Gained mutation: You are agile. (Dex +4, Str/Int -1)
                  | [potion of mutation]
  9371 | D:9      | Reached *** piety under Beogh
  9372 | D:9      | Reached skill level 13 in Axes
  9532 | D:9      | Noticed Erica
  9542 | D:9      | Killed Erica
  9569 | D:9      | Found a flagged portal.
  9579 | Bailey   | Entered a bailey
  9801 | Bailey   | Reached skill level 14 in Axes
 10198 | Bailey   | Slain by a gnoll sergeant

Illustrated notes

Levels and vault maps discovered:
D:1:      lemuel_arrival_cross, layout_basic, basic_ecumenical_altar
D:2:      layout_loops_ring
D:3:      layout_rooms
D:4:      layout_loops_corners, minmay_checkerbox
D:5:      layout_rooms, chequers_temple_overflow_statue_of_worship,
          minmay_temple_entry_grid, serial_shops,
          nicolae_shop_bloodbath_and_beyond
D:6:      minmay_chambers_of_fours, layout_basic, amcnicky_mini_pool_small,
          hangedman_decor_lopped, uniq_edmund
D:7:      layout_cave_pools, uniq_menkaure
D:8:      layout_rooms, special_room [special_room_orc], nrook_mini_backslash
D:9:      due_megacathedral, layout_basic, enter_bailey_4, st_stairs_11,
          uniq_erica
Bailey:   bailey_polearm_gnolls_kennysheep, bailey

Skill      XL: |  1  2  3  4  5  6  7  8  9 10 |
---------------+-------------------------------+-----
Axes           | 3 4 5 6 7 8 10 12 14 | 14.1
Fighting       | 4 5 6 7 8 |  8.2
Armour         | 4 5 6 7 |  7.5
Shields        | 4 5 |  5.8
Dodging        | 1 2 |  2.8
Throwing       | 1 2 |  2.0
Stealth        | 1 |  1.0
Evocations     | |  0.1

Action                   |  1- 3 |  4- 6 |  7- 9 | 10-12 || total
-------------------------+-------+-------+-------+-------++-------
Melee: War axe           |    94 |   162 |   313 |   134 ||   703
Throw: Dart              |       |     5 |    19 |       ||    24
       Throwing net      |       |       |       |     5 ||     5
Invok: Convert to Beogh  |       |     1 |       |       ||     1
Evoke: Wand              |       |       |     1 |     1 ||     2
  Use: Scroll            |       |       |       |    14 ||    14
       Potion            |       |       |       |    11 ||    11
 Stab: Held in net/web   |       |       |       |     2 ||     2
Armor: Scale mail        |    41 |    86 |    53 |       ||   180
       Leather armour    |       |       |    14 |       ||    14
       Acid dragon scale |       |       |    41 |    16 ||    57
       Steam dragon scal |       |       |       |    21 ||    21
Dodge: Dodged            |    48 |    67 |   130 |   121 ||   366
Block: Buckler           |    26 |    34 |    62 |    29 ||   151
